TOP OF THE 1ST |
Victoria Capitals batting - Pitching for Miami Beach Marlins : RHP Ryan Weedon
|
Pitching: RHP Ryan Weedon
|
|
Batting: RHB Julian Gregory
|
0-0: Ball 1-0: Called Strike 1-1: Foul Ball, location: 2F 1-2: Foul Ball, location: 2F 1-2: Ground out 4-3 (Groundball, 4, EV 105.0 MPH)
|
Batting: RHB Enrique Valdez
|
0-0: Ball 1-0: Ground out U3 (Groundball, 34S, EV 83.1 MPH)
|
Batting: RHB Mike Conaway
|
0-0: Called Strike 0-1: Fly out, F8 (Flyball, 8LD, EV 88.1 MPH)
|
Top of the 1st over - 0 runs, 0 hits, 0 errors, 0 left on base; Victoria 0 - Miami Beach 0 |
BOTTOM OF THE 1ST |
Miami Beach Marlins batting - Pitching for Victoria Capitals : RHP Jose Lomas
|
Pitching: RHP Jose Lomas
|
|
Batting: RHB Masumitsu Sugiura
|
0-0: Foul Ball, location: 2F 0-1: Called Strike 0-2: Strikes out looking
|
Batting: RHB Jason Thrash
|
0-0: Fly out, F4 (Popup, 4M, EV 51.9 MPH)
|
Batting: LHB Luis Magdaleno
|
0-0: Called Strike 0-1: Ball 1-1: Ball 2-1: Ball 3-1: Foul Ball, location: 2F 3-2: Base on Balls
|
Batting: RHB Miguel Velasco
|
0-0: Ball 1-0: Foul Ball, location: 2F 1-1: Fly out, F8 (Flyball, 78M, EV 98.8 MPH)
|
Bottom of the 1st over - 0 runs, 0 hits, 0 errors, 1 left on base; Victoria 0 - Miami Beach 0 |
TOP OF THE 2ND |
Victoria Capitals batting - Pitching for Miami Beach Marlins : RHP Ryan Weedon
|
Batting: SHB Ray Skogen
|
0-0: Ball 1-0: SINGLE (Groundball, 34D, EV 102.5 MPH)
|
Batting: LHB Addisu Nyamekye
|
0-0: Fly out, F7 (Flyball, 78M, EV 83.8 MPH)
|
Batting: RHB Kinzo Yokoyama
|
0-0: Called Strike 0-1: Ball 1-1: Foul Ball, location: 2F 1-2: Strikes out looking
|
Batting: RHB Jose Zuniga
|
0-0: Ball 1-0: Ball 2-0: Fly out, F9 (Line Drive, 9D, EV 94.4 MPH)
|
Top of the 2nd over - 0 runs, 1 hit, 0 errors, 1 left on base; Victoria 0 - Miami Beach 0 |
BOTTOM OF THE 2ND |
Miami Beach Marlins batting - Pitching for Victoria Capitals : RHP Jose Lomas
|
Batting: SHB Matt Moore
|
0-0: Called Strike 0-1: Swinging Strike 0-2: Ground out 5-3 (Groundball, 56, EV 80.0 MPH)
|
Batting: LHB Orlando Rivera
|
0-0: Ball 1-0: Ball 2-0: Called Strike 2-1: Called Strike 2-2: Foul Ball, location: 2F 2-2: Foul Ball, location: 2F 2-2: Strikes out swinging
|
Batting: RHB Robbie Gomez
|
0-0: Called Strike 0-1: Called Strike 0-2: Ball 1-2: Ground out 5-3 (Groundball, 56, EV 105.0 MPH)
|
Bottom of the 2nd over - 0 runs, 0 hits, 0 errors, 0 left on base; Victoria 0 - Miami Beach 0 |
TOP OF THE 3RD |
Victoria Capitals batting - Pitching for Miami Beach Marlins : RHP Ryan Weedon
|
Batting: RHB Chris Skaff
|
0-0: Called Strike 0-1: Ball 1-1: Ball 2-1: Swinging Strike 2-2: Strikes out looking
|
Batting: RHB David Greene
|
0-0: Called Strike 0-1: Ball 1-1: Swinging Strike 1-2: Strikes out looking
|
Batting: RHB Julian Gregory
|
0-0: Fly out, F7 (Flyball, 78M, EV 96.9 MPH)
|
Top of the 3rd over - 0 runs, 0 hits, 0 errors, 0 left on base; Victoria 0 - Miami Beach 0 |
BOTTOM OF THE 3RD |
Miami Beach Marlins batting - Pitching for Victoria Capitals : RHP Jose Lomas
|
Batting: SHB Justin Corbett
|
0-0: Foul Ball, location: 2F 0-1: SINGLE (Groundball, 13S, EV 64.4 MPH) (infield hit)
|
Batting: SHB Greg Rivera
|
0-0: Called Strike Justin Corbett steals 2nd base 0-1: Ball 1-1: Called Strike 1-2: Strikes out looking
|
Batting: RHB Masumitsu Sugiura
|
0-0: Called Strike 0-1: Foul Ball, location: 2F 0-2: Strikes out swinging
|
Batting: RHB Jason Thrash
|
0-0: Ball 1-0: Foul Ball, location: 2F 1-1: Fly out, F7 (Flyball, 78S, EV 86.9 MPH)
|
Bottom of the 3rd over - 0 runs, 1 hit, 0 errors, 1 left on base; Victoria 0 - Miami Beach 0 |
TOP OF THE 4TH |
Victoria Capitals batting - Pitching for Miami Beach Marlins : RHP Ryan Weedon
|
Batting: RHB Enrique Valdez
|
0-0: Ground out 6-3 (Groundball, 6D, EV 108.1 MPH)
|
Batting: RHB Mike Conaway
|
0-0: Foul Ball, location: 2F 0-1: Called Strike 0-2: Ball 1-2: Strikes out looking
|
Batting: SHB Ray Skogen
|
0-0: Ball 1-0: Foul Ball, location: 2F 1-1: Ball 2-1: Foul Ball, location: 2F 2-2: Strikes out swinging
|
Top of the 4th over - 0 runs, 0 hits, 0 errors, 0 left on base; Victoria 0 - Miami Beach 0 |
BOTTOM OF THE 4TH |
Miami Beach Marlins batting - Pitching for Victoria Capitals : RHP Jose Lomas
|
Batting: LHB Luis Magdaleno
|
0-0: Fly out, F7 (Flyball, 7LS, EV 87.5 MPH)
|
Batting: RHB Miguel Velasco
|
0-0: Ground out 6-3 (Groundball, 6, EV 77.5 MPH)
|
Batting: SHB Matt Moore
|
0-0: Swinging Strike 0-1: Ball 1-1: Swinging Strike 1-2: Foul Ball, location: 2F 1-2: Foul Ball, location: 2F 1-2: Ball 2-2: Foul Ball, location: 2F 2-2: Strikes out looking
|
Bottom of the 4th over - 0 runs, 0 hits, 0 errors, 0 left on base; Victoria 0 - Miami Beach 0 |
TOP OF THE 5TH |
Victoria Capitals batting - Pitching for Miami Beach Marlins : RHP Ryan Weedon
|
Batting: LHB Addisu Nyamekye
|
0-0: Ball 1-0: Swinging Strike 1-1: Swinging Strike 1-2: Ground out 5-3 (Groundball, 5D, EV 100.0 MPH)
|
Batting: RHB Kinzo Yokoyama
|
0-0: SOLO HOME RUN (Flyball, 7D, EV 98.8 MPH), Distance : 402 ft
|
Batting: RHB Jose Zuniga
|
0-0: Fly out, F7 (Flyball, 7, EV 91.9 MPH)
|
Batting: RHB Chris Skaff
|
0-0: Ball 1-0: Called Strike 1-1: Swinging Strike 1-2: Strikes out swinging
|
Top of the 5th over - 1 run, 1 hit, 0 errors, 0 left on base; Victoria 1 - Miami Beach 0 |
BOTTOM OF THE 5TH |
Miami Beach Marlins batting - Pitching for Victoria Capitals : RHP Jose Lomas
|
Batting: LHB Orlando Rivera
|
0-0: Foul Ball, location: 2F 0-1: Swinging Strike 0-2: Foul Ball, location: 2F 0-2: Ball 1-2: Foul Ball, location: 2F 1-2: Strikes out swinging
|
Batting: RHB Robbie Gomez
|
0-0: Called Strike 0-1: Ball 1-1: Swinging Strike 1-2: Strikes out swinging
|
Batting: SHB Justin Corbett
|
0-0: Ball 1-0: Foul Ball, location: 2F 1-1: Called Strike 1-2: Foul Ball, location: 2F 1-2: Ball 2-2: Foul Ball, location: 2F 2-2: Ball 3-2: Base on Balls
|
Batting: SHB Greg Rivera
|
0-0: Called Strike 0-1: Swinging Strike 0-2: Ball 1-2: Strikes out swinging
|
Bottom of the 5th over - 0 runs, 0 hits, 0 errors, 1 left on base; Victoria 1 - Miami Beach 0 |
TOP OF THE 6TH |
Victoria Capitals batting - Pitching for Miami Beach Marlins : RHP Ryan Weedon
|
Batting: RHB David Greene
|
0-0: Foul Ball, location: 2F 0-1: Swinging Strike 0-2: Foul Ball, location: 2F 0-2: Ball 1-2: Ball 2-2: Ball 3-2: Foul Ball, location: 2F 3-2: DOUBLE (Flyball, 89D, EV 101.2 MPH)
|
Batting: RHB Julian Gregory
|
0-0: Called Strike 0-1: Ball 1-1: Ball 2-1: SINGLE (Groundball, 34D, EV 105.0 MPH) David Greene to third Runner from 3rd tries for Home, SAFE, throw by RF to home
|
Batting: RHB Enrique Valdez
|
0-0: Ball 1-0: Swinging Strike 1-1: Ball 2-1: Called Strike 2-2: Strikes out swinging
|
Batting: RHB Mike Conaway
|
0-0: Ball 1-0: Called Strike Julian Gregory steals 2nd base 1-1: Ground out 5-3 (Groundball, 56, EV 76.9 MPH)
|
Batting: SHB Ray Skogen
|
0-0: Ball 1-0: Called Strike 1-1: Foul Ball, location: 2F 1-2: Ball 2-2: Strikes out swinging
|
Top of the 6th over - 1 run, 2 hits, 0 errors, 1 left on base; Victoria 2 - Miami Beach 0 |
BOTTOM OF THE 6TH |
Miami Beach Marlins batting - Pitching for Victoria Capitals : RHP Jose Lomas
|
Batting: RHB Masumitsu Sugiura
|
0-0: Ball 1-0: Ball 2-0: SINGLE (Groundball, 56S, EV 67.5 MPH) (infield hit)
|
Batting: RHB Jason Thrash
|
0-0: Called Strike 0-1: Ball 1-1: Swinging Strike 1-2: Foul Ball, location: 2F 1-2: Foul Ball, location: 2F 1-2: Ball 2-2: Strikes out swinging
|
Pitching: RHP Michel Méry
|
|
Batting: LHB Luis Magdaleno
|
0-0: Called Strike Masumitsu Sugiura steals 2nd base 0-1: Ball 1-1: Called Strike 1-2: SINGLE (Groundball, 6D, EV 108.8 MPH) Masumitsu Sugiura to third
|
Batting: RHB Miguel Velasco
|
0-0: Ball Luis Magdaleno steals 2nd base 1-0: SINGLE (Groundball, 34D, EV 109.4 MPH) Masumitsu Sugiura scores Luis Magdaleno to third Runner from 3rd tries for Home, SAFE, throw by RF to home
|
Batting: SHB Matt Moore
|
0-0: Foul Ball, location: 2F 0-1: Ball 1-1: Grounds into double play, 6-4-3 (Groundball, 6, EV 103.1 MPH)
|
Bottom of the 6th over - 2 runs, 3 hits, 0 errors, 0 left on base; Victoria 2 - Miami Beach 2 |
TOP OF THE 7TH |
Victoria Capitals batting - Pitching for Miami Beach Marlins : RHP Ryan Weedon
|
Batting: LHB Addisu Nyamekye
|
0-0: Fly out, F7 (Flyball, 7D, EV 80.6 MPH)
|
Batting: RHB Kinzo Yokoyama
|
0-0: Ground out 4-3 (Groundball, 34D, EV 103.8 MPH)
|
Batting: RHB Jose Zuniga
|
0-0: Fly out, F8 (Flyball, 8RXD, EV 80.6 MPH)
|
Top of the 7th over - 0 runs, 0 hits, 0 errors, 0 left on base; Victoria 2 - Miami Beach 2 |
BOTTOM OF THE 7TH |
Miami Beach Marlins batting - Pitching for Victoria Capitals : RHP Michel Méry
|
Batting: LHB Orlando Rivera
|
0-0: Foul Ball, location: 2F 0-1: DOUBLE (Line Drive, 3D, EV 105.0 MPH)
|
Batting: RHB Robbie Gomez
|
0-0: Ball 1-0: Foul Ball, location: 2F 1-1: Ball 2-1: DOUBLE (Line Drive, 3D, EV 106.9 MPH) Orlando Rivera scores
|
Batting: SHB Justin Corbett
|
0-0: Ball 1-0: Foul Ball, location: 2F 1-1: Swinging Strike 1-2: Foul Ball, location: 2F 1-2: Ball 2-2: Ball 3-2: Strikes out swinging
|
Batting: SHB Greg Rivera
|
0-0: Ball 1-0: Ball 2-0: Called Strike 2-1: Ball 3-1: Swinging Strike 3-2: Base on Balls
|
Batting: RHB Masumitsu Sugiura
|
0-0: Foul Ball, location: 2F 0-1: Foul Ball, location: 2F 0-2: Strikes out swinging
|
Batting: RHB Jason Thrash
|
0-0: Foul Ball, location: 2F 0-1: Ball 1-1: Ball 2-1: Ball 3-1: Foul Ball, location: 2F 3-2: 3-RUN HOME RUN (Flyball, 7LD, EV 100.0 MPH), Distance : 396 ft
|
Pitching: LHP Chris Wheeler
|
|
Batting: LHB Luis Magdaleno
|
0-0: Called Strike 0-1: Ball 1-1: Ball 2-1: SINGLE (Line Drive, 78S, EV 98.8 MPH)
|
Batting: RHB Miguel Velasco
|
0-0: Ball 1-0: Foul Ball, location: 2F 1-1: Ball 2-1: Ball 3-1: Base on Balls Luis Magdaleno to second
|
Batting: SHB Matt Moore
|
0-0: Fly out, F9 (Flyball, 9D, EV 90.0 MPH)
|
Bottom of the 7th over - 4 runs, 4 hits, 0 errors, 2 left on base; Victoria 2 - Miami Beach 6 |
TOP OF THE 8TH |
Victoria Capitals batting - Pitching for Miami Beach Marlins : RHP Ryan Weedon
|
Batting: RHB Chris Skaff
|
0-0: Called Strike 0-1: Ball 1-1: Swinging Strike 1-2: Foul Ball, location: 2F 1-2: Strikes out swinging
|
Batting: RHB David Greene
|
0-0: DOUBLE (Line Drive, 9LS, EV 95.0 MPH)
|
Batting: RHB Julian Gregory
|
0-0: Called Strike 0-1: Ball 1-1: Ball 2-1: Swinging Strike 2-2: Fly out, F9 (Flyball, 9LM, EV 95.0 MPH) Runner from 2nd tags up, SAFE at 3rd with throw by RF
|
Batting: RHB Enrique Valdez
|
0-0: Ball 1-0: Foul Ball, location: 2F 1-1: Ball 2-1: Foul Ball, location: 2F 2-2: Strikes out swinging
|
Top of the 8th over - 0 runs, 1 hit, 0 errors, 1 left on base; Victoria 2 - Miami Beach 6 |
BOTTOM OF THE 8TH |
Miami Beach Marlins batting - Pitching for Victoria Capitals : LHP Chris Wheeler
|
Pitching: RHP Ramon Pedroza
|
|
Batting: LHB Orlando Rivera
|
0-0: Swinging Strike 0-1: Foul Ball, location: 2F 0-2: Foul Ball, location: 2F 0-2: Strikes out swinging
|
Batting: RHB Robbie Gomez
|
0-0: Reached on error, E5 (Groundball, 5S, EV 91.9 MPH)
|
Batting: SHB Justin Corbett
|
0-0: Called Strike 0-1: Ball 1-1: Ball 2-1: SINGLE (Flyball, 3D, EV 90.0 MPH) Robbie Gomez to second
|
Batting: SHB Greg Rivera
|
0-0: Ball 1-0: SINGLE (Line Drive, 3D, EV 100.0 MPH) Robbie Gomez to third Justin Corbett to second
|
Batting: RHB Masumitsu Sugiura
|
0-0: Swinging Strike 0-1: Ball 1-1: Foul Ball, location: 2F 1-2: Ball 2-2: Foul Ball, location: 2F 2-2: Strikes out looking
|
Batting: RHB Jason Thrash
|
0-0: Ball 1-0: Ball 2-0: Ball 3-0: Called Strike 3-1: Foul Ball, location: 2F 3-2: Foul Ball, location: 2F 3-2: Base on Balls Robbie Gomez scores Justin Corbett to third Greg Rivera to second
|
Batting: LHB Luis Magdaleno
|
0-0: Called Strike 0-1: Fielders Choice at 2nd, U4 (Groundball, 4M, EV 82.5 MPH)
|
Bottom of the 8th over - 1 run, 2 hits, 1 error, 3 left on base; Victoria 2 - Miami Beach 7 |
TOP OF THE 9TH |
Victoria Capitals batting - Pitching for Miami Beach Marlins : RHP Ryan Weedon
|
Batting: RHB Mike Conaway
|
0-0: Fly out, F9 (Flyball, 9LM, EV 93.1 MPH)
|
Batting: SHB Ray Skogen
|
0-0: Ball 1-0: Foul Ball, location: 2F 1-1: Fly out, F8 (Flyball, 8RS, EV 87.5 MPH)
|
Batting: LHB Addisu Nyamekye
|
0-0: Ball 1-0: Foul Ball, location: 2F 1-1: Ground out 3-1 (Groundball, 34, EV 88.1 MPH)
|
Top of the 9th over - 0 runs, 0 hits, 0 errors, 0 left on base; Victoria 2 - Miami Beach 7 |
|